 Dungeon Crawl Stone Soup version 0.27-a0-679-g77a6b55cf3 (webtiles) character file.

Game seed: 1295057291090857889

16 scammafunk the Insei (level 2, -2/18 HPs)
             Began as an Octopode Transmuter on Mar 18, 2021.
             Slain by a kobold
             ... wielding a +0 short sword
              (6 damage)
             ... on level 1 of the Dungeon.
             The game lasted 00:01:30 (366 turns).

scammafunk the Insei (Octopode Transmuter)           Turns: 366, Time: 00:01:30

Health: -2/18      AC:  1    Str:  9    XL:     2   Next: 58%
Magic:  4/5        EV: 13    Int: 15    God:
Gold:   10         SH:  0    Dex: 12    Spells: 4/5 levels left

rFire    . . .     SeeInvis .     - Unarmed
rCold    . . .     Faith    .   (no shield)
rNeg     . . .     Spirit   .   (helmet restricted)
rPois    .         Reflect  .   (no amulet)
rElec    .         Harm     .   (no ring)
rCorr    .         Rampage  .   (no ring)
Will     .....                  (no ring)
Stlth    ++........             (no ring)
HPRegen  0.06/turn              (no ring)
MPRegen  0.09/turn              (no ring)
                                (no ring)
                                (no ring)

@: no status effects
A: almost no armour, amphibious, 8 rings, camouflage 1, gelatinous body 1,
nimble swimmer 1, tentacles
a: no special abilities


You were on level 1 of the Dungeon.
You visited 1 branch of the dungeon, and saw 1 of its levels.

You collected 10 gold pieces.

You aren't carrying anything.


   Skills:
 + Level 1.0 Fighting
 + Level 2.0 Dodging
 + Level 3.7 Unarmed Combat
 + Level 2.1 Spellcasting
 + Level 2.1 Transmutations


You had 4 spell levels left.
You knew the following spells:

 Your Spells              Type           Power      Damage    Failure   Level
a - Beastly Appendage     Tmut           14%        N/A       10%         1

Your spell library contained the following spells:

 Spells                   Type           Power      Damage    Failure   Level
 Wereblood                Tmut           7%         N/A       14%         2
 Spider Form              Tmut/Pois      2%         N/A       41%         3
 Ice Form                 Ice/Tmut       4%         N/A       82%         4
 Blade Hands              Tmut           3%         N/A       95%         5


Dungeon Overview and Level Annotations

Branches:
Dungeon (1/15)

Altars:


Innate Abilities, Weirdness & Mutations

You cannot wear most types of armour.
You are amphibious.
You can wear up to eight rings at the same time.
Your skin changes colour to match your surroundings (Stealth+).
Your rubbery body absorbs attacks. (AC +1, EV +1)
You are stealthy while swimming. (Stealth+)
You have tentacles for arms and can constrict up to eight enemies at once.


Message History

You tentacle-slap the kobold. You grab the kobold.
The kobold is moderately wounded.
You constrict the kobold. The bat barely misses you. The kobold misses you.
You tentacle-slap the kobold but do no damage.
You pierce the kobold.
You kill the kobold!
The bat barely misses you. The bat misses you.
You tentacle-slap the goblin. Your grab misses the goblin.
Your tentacle spike misses the goblin.
You squeeze the goblin, but do no damage.
The goblin is severely wounded.
The bat hits you but does no damage. The goblin hits you but does no damage.
You tentacle-slap the goblin.
You kill the goblin!
Your tentacle spike disappears.
The kobold hits you but does no damage.
You closely miss the goblin. Your grab misses the goblin.
The goblin closely misses you. The kobold barely misses you.
You tentacle-slap the goblin. You grab the goblin.
The goblin is severely wounded.
You constrict the goblin.
You kill the goblin!
The bat closely misses you.
The kobold hits you with a +0 short sword.
You tentacle-slap the bat but do no damage.
Your grab misses the bat. The bat barely misses you.
The bat hits you but does no damage.
The kobold hits you with a +0 short sword.
You miss the bat. You grab the bat. You squeeze the bat.
You kill the bat!
The kobold hits you with a +0 short sword.
* * * LOW HITPOINT WARNING * * *
You barely miss the hobgoblin. You grab the hobgoblin.
You constrict the hobgoblin, but do no damage.
The hobgoblin closely misses you.
You tentacle-slap the hobgoblin.
The hobgoblin is almost dead.
You constrict the hobgoblin, but do no damage.
The kobold hits you with a +0 short sword.
You die...

........#..........
.....#..#.#.######
....)#..†........#
.....##.#.#.####.# # .
.....)....#.# #.# .#+#..
.....##...#.# #.##......
.....##...#.# #.#.......
.######...#.####.........
. #.#.#.#.?.@##...... .
#.#.#...##gK# .....
#.#.#.. ?Kw.# .##. .. .
..[(... .. ....[..#. ..
#.#?..(## ... #.##..## #
# ##..


You could see a dart slug, a hobgoblin and 2 kobolds.

Vanquished Creatures
  A leopard gecko (D:1)
  A ball python (D:1)
  A giant cockroach (D:1)
  3 goblins (D:1)
  A hobgoblin (D:1)
  3 kobolds (D:1)
  2 bats (D:1)
  A rat (D:1)
13 creatures vanquished.

Notes
Turn   | Place    | Note
-------+----------+-------------------------------------------
     0 | D:1      | scammafunk the Octopode Transmuter began the quest for the
                  | Orb.
     0 | D:1      | Reached XP level 1. HP: 13/13 MP: 3/3
   348 | D:1      | Reached XP level 2. HP: 16/18 MP: 3/5
   366 | D:1      | Slain by a kobold

Illustrated notes

Levels and vault maps discovered:
D:1:      amcnicky_arrival_single_pillar, layout_basic, minmay_misc_feat_room,
          minmay_pentomino_w4

Action                   || total
-------------------------++-------
Melee: Unarmed           ||    29
       Tentacles         ||     8
       Constrict         ||     9
       Kick              ||     4
 Cast: Beastly Appendage ||     3
Armor: Skin              ||     9
Dodge: Dodged            ||    26

Table legend: (Time is in decaauts)
 A = Elapsed time spent in this place.
 B = Non-inter-level travel time spent in this place.
 C = Inter-level travel time spent in this place.
 D = Time resting spent in this place.
 E = Time spent auto-exploring this place.
 F = Levels seen in this place.
 G = Mean time per level.
                   A        B        C        D        E       F      G
               +--------+--------+--------+--------+--------+-----+--------+
         Total |    364 |    364 |      0 |    278 |     13 |   1 |  364.0 |
       Dungeon |    364 |    364 |      0 |    278 |     13 |   1 |  364.0 |
               +--------+--------+--------+--------+--------+-----+--------+

Top non-repeatable levels by time:
     D:1: 364 daAuts
